 Dungeon Crawl Stone Soup version 0.22.0-34-g4f65f92 (webtiles) character file.

27 Faca the Skirmisher (level 3, 0/31 HPs)
             Began as a Barachi Fighter on Aug 23, 2018.
             Slain by Natasha (6 damage)
             ... on level 2 of the Dungeon.
             The game lasted 00:01:59 (899 turns).

Faca the Skirmisher (Barachi Fighter)                Turns: 899, Time: 00:02:00

Health: 0/31       AC:  0    Str: 18    XL:     3   Next: 10%
Magic:  3/3        EV: 13    Int:  8    God:
Gold:   64         SH:  0    Dex: 11    Spells: 2/2 levels left

rFire    . . .     SeeInvis .   (weapon currently unavailable)
rCold    . . .     Gourm    .   (shield currently unavailable)
rNeg     . . .     Faith    .   (armour currently unavailable)
rPois    .         Spirit   .   (helmet currently unavailable)
rElec    .         Reflect  .   (cloak currently unavailable)
rCorr    .         Harm     .   (gloves currently unavailable)
MR       .....                  (boots currently unavailable)
Stlth    +.........             (no amulet)
HPRegen  0.10/turn              (ring currently unavailable)
MPRegen  0.08/turn              (ring currently unavailable)

@: pig-form, very quick
A: small, +LOS, swims
a: no special abilities


You were on level 2 of the Dungeon.
You were hungry.
You were a filthy swine.
You visited 1 branch of the dungeon, and saw 2 of its levels.

You collected 64 gold pieces.

Inventory:

Hand Weapons
 a - a +0 long sword (melded)
Armour
 b - a +0 scale mail (melded)
 c - a +0 shield (melded)
Jewellery
 j - a ring of positive energy (melded)
Scrolls
 g - 2 scrolls of teleportation {unknown}
 i - a scroll of remove curse {unknown}
 k - a scroll of amnesia {unknown}
Potions
 d - a potion of might
 e - a potion of magic {unknown}
 h - a potion of curing {unknown}
 l - a potion of brilliance {unknown}
 m - a potion of flight {unknown}
Comestibles
 f - 4 rations


   Skills:
 + Level 4.4 Fighting
 + Level 3.4 Long Blades
 - Level 3.6 Armour
 - Level 3.2 Shields


You had 2 spell levels left.
You didn't know any spells.
Your spell library was empty.

Dungeon Overview and Level Annotations

Branches:
Dungeon (2/15)

Altars:

Annotations:
D:2 Jessica, Natasha


Innate Abilities, Weirdness & Mutations

Shadows flee at your approach. (+LOS)
You can swim through water.
((You cover ground slowly.))
((You can hop short distances.))


Message History

The goblin shouts!
Natasha casts a spell.
You hit Natasha but do no damage.
Natasha casts a spell.
You slash Natasha!
Natasha is heavily wounded.
Jessica zaps a wand.
You turn into a filthy swine.
Your +0 long sword melds into your body.
Your +0 shield melds into your body.
Your +0 scale mail melds into your body.
Your ring of positive energy melds into your body.
It is a wand of polymorph (13).
Natasha claws you! The white imp hits you. The white imp freezes you.
You hit Natasha but do no damage.
Natasha is heavily wounded.
Jessica points at you and mumbles some strange words.
Pain shoots through your body!
* * * LOW HITPOINT WARNING * * *
Natasha claws you.
You die...

##..# #....... ####
#....... ##.#.....
##..#..[.. #...)...##
#....##.# # ##....# .#
#...###### ###.....##.##
#...g5hh5###..........#.
#....###@...............
#.. ###..>........... #
##..........###.
###........###....
#..........# .###
.................# ###.
.................# #...
.......@.........# #.##


You could see Natasha, a crimson imp, a white imp, Jessica and a goblin.

Vanquished Creatures
  A dart slug (D:2)
  8 goblins (D:1)
  3 hobgoblins (D:1)
  3 kobolds
  4 bats
  A frilled lizard (D:1)
  2 rats
22 creatures vanquished.

Notes
Turn   | Place    | Note
-------+----------+-------------------------------------------
     0 | D:1      | Faca the Barachi Fighter began the quest for the Orb.
     0 | D:1      | Reached XP level 1. HP: 18/18 MP: 1/1
   111 | D:1      | Reached XP level 2. HP: 21/25 MP: 2/2
   149 | D:1      | Reached skill level 4 in Fighting
   767 | D:2      | Reached XP level 3. HP: 31/31 MP: 3/3
   890 | D:2      | Noticed Jessica
   894 | D:2      | Noticed Natasha
   899 | D:2      | Slain by Natasha

Skill      XL: |  1  2 |
---------------+-------+-----
Fighting       | 4 |  4.4
Long Blades    | 3 |  3.4
Armour         | |  3.6
Shields        | |  3.2

Action                   || total
-------------------------++-------
Melee: Long sword        ||    59
       Unarmed           ||     1
Armor: Scale mail        ||    23
Dodge: Dodged            ||    24
Block: Shield            ||    37
       Rpst.: Long sword ||    13
